 Dungeon Crawl Stone Soup version 0.18.1-50-g88ac8fd (webtiles) character file.

5698 nikopol the Fighter (level 10, -1/91 HPs)
             Began as a Minotaur Berserker on Sept 16, 2016.
             Was a High Priest of Trog.
             Slain by an iguana (7 damage)
             ... on level 1 of the Lair of Beasts.
             The game lasted 00:19:25 (8391 turns).

nikopol the Fighter (Minotaur Berserker)            Turns: 8391, Time: 00:19:27

Health: -1/91      AC:  9    Str: 23    XL:     10   Next: 47%
Magic:  14/18      EV: 15    Int:  4    God:    Trog [*****.]
Gold:   513        SH:  0    Dex: 15    Spells: 0 memorised, 9 levels left

rFire  . . .     SeeInvis .     a - +4 war axe "Viplymun" {chop, *Noise MR++ MP+9 Stlth+}
rCold  . . .     Gourm    .     n - +0 scale mail
rNeg   . . .     Faith    .     (no shield)
rPois  .         Spirit   .     (helmet restricted)
rElec  .         Dismiss  .     (no cloak)
rCorr  .         Reflect  .     (no gloves)
SustAt .         Harm     .     K - +0 pair of boots
MR     +++..                    (no amulet)
Stlth  +.........               J - +3 ring of dexterity
                                k - ring of protection from magic

@: exhausted, slowed, very slow, extremely resistant to hostile enchantments,
very unstealthy
A: retaliatory headbutt, horns 2
a: Berserk, Trog's Hand, Brothers in Arms, Burn Spellbooks, Renounce Religion


You were on level 1 of the Lair of Beasts.
You worshipped Trog.
Trog was extremely pleased with you.
You were very hungry.

You visited 2 branches of the dungeon, and saw 10 of its levels.

You collected 513 gold pieces.

Inventory:

Hand Weapons
 a - the +4 war axe "Viplymun" (weapon) {chop, *Noise MR++ MP+9 Stlth+}
   (You found it on level 6 of the Dungeon)

   It inflicts extra damage upon your enemies.
   It affects your resistance to hostile enchantments.
   It affects your magic capacity (+9).
   It may make noises in combat.
   It makes you more stealthy.
 j - a +3 battleaxe
 l - a +0 spear
 z - a +0 shortbow
Missiles
 p - 46 arrows (quivered)
Armour
 b - a +0 animal skin
 n - a +0 scale mail (worn)
 K - a +0 pair of boots (worn)
Jewellery
 k - a ring of protection from magic (left hand)
 o - a +6 ring of intelligence
 v - an uncursed ring of see invisible
 H - an uncursed amulet of faith {unknown}
 J - a +3 ring of dexterity (right hand)
Wands
 E - a wand of lightning (6/15)
 I - a wand of flame (17/48)
Scrolls
 d - 5 scrolls of teleportation
 e - 2 scrolls of blinking
 h - a scroll of fear {unknown}
 q - a scroll of amnesia {unknown}
 s - 2 scrolls of random uselessness
 t - 3 scrolls of noise
 y - a scroll of enchant weapon {unknown}
 A - a scroll of magic mapping {unknown}
 B - a scroll of recharging {unknown}
Potions
 g - a potion of heal wounds
 i - 3 potions of flight
 r - 2 potions of ambrosia
 w - 2 potions of curing
 x - 2 potions of might {unknown}
 C - a potion of resistance
 F - a potion of invisibility
 G - a potion of degeneration {unknown}
Comestibles
 c - 9 bread rations
 f - 5 beef jerkies
 m - 2 meat rations
 u - 6 fruits
 D - a royal jelly
 L - 3 chunks of flesh


   Skills:
 + Level 9.6 Fighting
 * Level 8.0(9.4) Axes
 - Level 7.5(9.1) Polearms
 * Level 3.3 Bows
 + Level 9.2 Armour
 + Level 8.2 Dodging


You had 9 spell levels left.
You didn't know any spells.

Dungeon Overview and Level Annotations

Branches:
Dungeon (9/15)             Temple (0/1) D:5            Lair (1/8) D:9
    Orc (0/2) D:9

Altars:
Dithmenos
Fedhas
Kikubaaqudgha
Okawaru
Sif Muna
Trog
Vehumet
Xom
Yredelemnul
The Shining One

Annotations:
Lair:1 Scuka's ghost, journeyman MfTm


Innate Abilities, Weirdness & Mutations

You reflexively headbutt those who attack you in melee.
You have a pair of horns on your head.


Message History

You barely miss the crocodile.
Your war axe "Viplymun" shouts out instructions!
The crocodile is almost dead.
Scuka's ghost barely misses you. The crocodile bites you!
* * * LOW HITPOINT WARNING * * *
The crocodile bites you but does no damage.
Scuka's ghost hits you but does no damage.
You completely miss Scuka's ghost. Your headbutt misses Scuka's ghost.
Scuka's ghost is almost destroyed.
You hit the iguana but do no damage. You slash the crocodile!
You kill the crocodile!
Trog accepts your kill.
You hit the crocodile.
The crocodile is almost dead.
The iguana completely misses you. You furiously retaliate!
You headbutt the iguana. The crocodile bites you.
* * * LOW HITPOINT WARNING * * *
Scuka's ghost hits you but does no damage.
The iguana bites you!
You die...

#(#.... . ##
##.P.P.#
..#P##P...#.
... .....
#.......
..#.#.#..
......lW#
.......@#
.......t#
....!....
........##
........P
........#
...#..?.#
.(......#


You could see a crocodile, an iguana and Scuka's ghost.

Vanquished Creatures
  Erica (D:8)
  Erolcha (D:8)
  Joseph (D:8)
  A spriggan (D:7)
  2 wyverns
  2 hungry ghosts
  A hippogriff (D:8)
  Edmund (D:4)
  2 water moccasins
  An orc warrior (D:6)
  2 phantoms
  5 ogres
  2 centaurs
  A crocodile (Lair:1)
  A wyvern zombie (D:9)
  4 giant frogs
  3 scorpions
  4 wights (D:6)
  5 crimson imps
  2 jellies
  A quasit (D:7)
  A giant frog skeleton (D:7)
  3 orc priests
  3 hounds
  9 orc wizards
  3 iguanas
  Natasha (thrice) (D:4)
  8 worker ants
  A hound zombie (D:6)
  A hound skeleton (D:4)
  A worker ant zombie (D:5)
  4 gnolls (D:3)
  7 adders
  An ooze (D:7)
  An adder skeleton (D:7)
  2 worms
  2 dart slugs
  6 giant geckos
  22 orcs
  5 giant cockroaches
  6 goblins
  7 hobgoblins
  12 jackals
  6 kobolds
  2 quokkas (D:2)
  3 ball pythons
  8 bats
  A giant gecko skeleton (D:4)
  A giant gecko zombie (D:9)
  7 giant newts
  2 quokka skeletons
  6 rats
187 creatures vanquished.

Notes
Turn   | Place    | Note
--------------------------------------------------------------
     0 | D:1      | nikopol the Minotaur Berserker began the quest for the Orb.
     0 | D:1      | Reached XP level 1. HP: 19/19 MP: 0/0
    71 | D:1      | Reached XP level 2. HP: 27/27 MP: 1/1
   580 | D:1      | Reached ** piety under Trog
   789 | D:1      | Reached XP level 3. HP: 33/33 MP: 2/2
  1210 | D:2      | Found a shadowy altar of Dithmenos.
  1210 | D:2      | Found a deep blue altar of Sif Muna.
  1211 | D:2      | Found a shimmering altar of Xom.
  1445 | D:2      | Found a bloodstained altar of Trog.
  1547 | D:2      | Reached XP level 4. HP: 40/40 MP: 3/3
  1880 | D:3      | Reached XP level 5. HP: 47/47 MP: 4/4
  1889 | D:3      | Reached *** piety under Trog
  1889 | D:3      | Reached skill level 5 in Fighting
  2052 | D:3      | Found a glowing golden altar of the Shining One.
  2259 | D:4      | Noticed an ogre
  2268 | D:4      | Killed an ogre
  2285 | D:4      | Reached XP level 6. HP: 49/56 MP: 5/5
  2296 | D:4      | Reached skill level 5 in Polearms
  2337 | D:4      | Noticed Natasha
  2341 | D:4      | Killed Natasha
  2422 | D:4      | Noticed Natasha
  2428 | D:4      | Killed Natasha
  2459 | D:4      | Noticed Natasha
  2465 | D:4      | Killed Natasha
  2684 | D:4      | Noticed Edmund
  2695 | D:4      | Killed Edmund
  2695 | D:4      | Reached skill level 5 in Armour
  2695 | D:4      | Reached XP level 7. HP: 63/63 MP: 6/6
  2852 | D:5      | Entered Level 5 of the Dungeon
  3013 | D:5      | Found a blossoming altar of Fedhas.
  3087 | D:5      | Reached skill level 5 in Dodging
  3634 | D:5      | Found a staircase to the Ecumenical Temple.
  3833 | D:6      | Reached XP level 8. HP: 69/71 MP: 7/7
  4626 | D:6      | Got a steaming war axe
  4627 | D:6      | Identified the +4 war axe "Viplymun" {chop, *Noise MR++ MP+9 Stlth+} (You found it on level 6 of the Dungeon)
  4861 | D:6      | Reached skill level 1 in Axes
  4947 | D:6      | Found a basalt altar of Yredelemnul.
  5126 | D:7      | Found a shadowy altar of Dithmenos.
  5181 | D:7      | Reached **** piety under Trog
  5440 | D:7      | Reached XP level 9. HP: 78/81 MP: 8/8
  5725 | D:7      | Found a blossoming altar of Fedhas.
  5725 | D:7      | Found an ancient bone altar of Kikubaaqudgha.
  5967 | D:8      | Found a radiant altar of Vehumet.
  5967 | D:8      | Noticed Erolcha
  5975 | D:8      | Killed Erolcha
  5975 | D:8      | Reached skill level 5 in Axes
  6621 | D:8      | Found an iron altar of Okawaru.
  6679 | D:8      | Noticed Erica
  6696 | D:8      | Killed Erica
  6696 | D:8      | Reached skill level 1 in Bows
  6696 | D:8      | Reached XP level 10. HP: 36/91 MP: 9/9
  7009 | D:8      | Noticed Joseph
  7318 | D:8      | Killed Joseph
  7951 | D:9      | Found a staircase to the Lair.
  8095 | D:9      | Found a staircase to the Orcish Mines.
  8359 | Lair:1   | Entered Level 1 of the Lair of Beasts
  8359 | Lair:1   | Noticed Scuka's ghost (journeyman MfTm)
  8391 | Lair:1   | Reached ***** piety under Trog
  8391 | Lair:1   | Slain by an iguana

Skill      XL: |  1  2  3  4  5  6  7  8  9 10 |
---------------+-------------------------------+-----
Polearms       | 4 5 6 7 |  7.5
Fighting       | 4 5 6 7 9 |  9.6
Armour         | 3 4 5 7 8 9 |  9.2
Dodging        | 3 4 5 6 7 8 |  8.2
Axes           | 2 7 8 |  8.0
Bows           | 1 3 |  3.3

Action                   |  1- 3 |  4- 6 |  7- 9 | 10-12 || total
-------------------------+-------+-------+-------+-------++-------
Melee: Spear             |    95 |   128 |   148 |       ||   371
       Headbutt          |    13 |    24 |    51 |     6 ||    94
       War axe           |       |       |   110 |    61 ||   171
 Fire: Shortbow          |       |       |    33 |    42 ||    75
Invok: Berserk           |       |     2 |     2 |     1 ||     5
  Use: Scroll            |       |       |    12 |       ||    12
  Eat: Chunk             |     2 |     5 |    18 |     5 ||    30
Armor: Animal skin       |     4 |       |       |       ||     4
       Scale mail        |    10 |    27 |    60 |    20 ||   117
Dodge: Dodged            |    27 |    51 |   144 |    56 ||   278
